AoeStats
← TinselFan831357

Arena

509952205Analyzed
2v2 RM · 2d ago on Sep 28, 2026· 26m 44s· 4 players
Game mode
Random Map
Map size
Medium (4 player)
Population
200
Speed
Normal
Resources
Standard
Victory
Conquest
Starting age
Dark Age
Ending age
Imperial Age
RankedLock teamsTeams togetherTeam positionsShared explorationLock speedFull tech treeHidden civsTurbo modeCheats
Victory
Defeat
🇫🇷 Spanish · France
837
+16
🇫🇷 Ethiopians · France
823
+16
🇩🇪 Franks · Germany
868
-18
🇨🇴 Khmer · Colombia
787
-14
Wogodogo
3:24 Loom
11:21 Feudal Age
13:10 Double-Bit Axe
18:55 Castle Age
19:36 Forging
19:28 Scale Mail Armor
21:46 Bow Saw
24:54 Squires
mbeyou1
0:33 Loom
10:07 Feudal Age
10:54 Double-Bit Axe
10:51 Horse Collar
18:18 Castle Age
18:15 Wheelbarrow
20:00 Bow Saw
19:42 Stone Mining
21:22 Wheelbarrow
22:16 Fletching
25:07 Hand Cart
25:44 Pikeman
BABAN
0:26 Loom
12:47 Feudal Age
14:18 Wheelbarrow
15:23 Stone Mining
18:18 Castle Age
16:28 Double-Bit Axe
16:39 Gold Mining
19:58 Gold Shaft Mining
21:24 Hand Cart
21:07 Town Watch
27:20 Imperial Age
26:26 Hand Cart
26:56 Fletching
TinselFan831357
3:20 Loom
9:58 Feudal Age
10:48 Double-Bit Axe
15:36 Castle Age
14:01 Horse Collar
20:07 Loom
20:56 Bow Saw
24:17 Wheelbarrow
23:40 Gold Mining
24:27 Heavy Plow
25:11 Stone Mining
25:58 Gold Shaft Mining
Connection lost

Rejoining the realm…

Still unreachable

The connection could not be restored.

Session expired

The server has moved on; the page needs a fresh start.